 Dungeon Crawl Stone Soup version 0.22.1-1-ga44c0e5 (webtiles) character file.

165 topirishpotato the Cudgeler (level 5, -4/33 HPs)
             Began as a Gargoyle Berserker on Oct 7, 2018.
             Was a Believer of Trog.
             Slain by Sigmund
             ... wielding a +0 scythe
              (7 damage)
             ... on level 3 of the Dungeon.
             The game lasted 00:02:14 (1547 turns).

topirishpotato the Cudgeler (Gargoyle Berserker)    Turns: 1547, Time: 00:02:15

Health: -4/33      AC:  9    Str: 24    XL:     5   Next: 46%
Magic:  5/5        EV: 12    Int:  7    God:    Trog [**....]
Gold:   173        SH:  0    Dex: 14    Spells: 4/4 levels left

rFire    . . .     SeeInvis .   a - +0 mace
rCold    . . .     Gourm    .   (no shield)
rNeg     + . .     Faith    .   e - +0 ring mail
rPois    ∞         Spirit   .   (no helmet)
rElec    +         Reflect  .   (no cloak)
rCorr    .         Harm     .   (no gloves)
MR       .....                  (no boots)
Stlth    +.........             (no amulet)
HPRegen  0.11/turn              m - +3 ring of strength
MPRegen  0.09/turn              j - +4 ring of dexterity

@: no status effects
A: negative energy resistance 1, electricity resistance, unbreathing,
petrification resistance, rot immunity, AC +4
a: Berserk, Trog's Hand, Renounce Religion


You were on level 3 of the Dungeon.
You worshipped Trog.
Trog was pleased with you.
You were hungry.

You visited 1 branch of the dungeon, and saw 3 of its levels.

You collected 173 gold pieces.

Inventory:

Hand Weapons
 a - a +0 mace (weapon)
Armour
 b - a +0 animal skin
 e - a +0 ring mail (worn)
Jewellery
 j - a +4 ring of dexterity (right hand)
 m - a +3 ring of strength (left hand)
 o - an uncursed ring of protection from magic
Scrolls
 d - 3 scrolls of identify {unknown}
 f - a scroll of remove curse {unknown}
 g - a scroll of immolation {unknown}
 i - a scroll of fear {unknown}
 k - a scroll of magic mapping {unknown}
 l - 2 scrolls of teleportation {unknown}
Potions
 h - a potion of heal wounds {unknown}
 n - a potion of magic {unknown}
Comestibles
 c - 6 rations


   Skills:
 + Level 4.1 Fighting
 + Level 4.6 Maces & Flails
 + Level 2.9 Armour
 + Level 2.3 Dodging


You had 4 spell levels left.
You didn't know any spells.
Your spell library was empty.

Dungeon Overview and Level Annotations

Branches:
Dungeon (3/15)

Altars:
Xom

Annotations:
D:3 Sigmund


Innate Abilities, Weirdness & Mutations

You are resistant to torment.
Your stone body is resilient. (AC +4)
You are immune to poison.
You resist negative energy. (rN+)
You are resistant to electric shocks. (rElec)
You can survive without breathing.
You are immune to petrification.
You are immune to rotting.


Message History

You hit Sigmund.
Sigmund is severely wounded.
Sigmund casts a spell at you. You resist with some effort.
You closely miss Sigmund.
Sigmund is severely wounded.
Sigmund points at you and mumbles some strange words.
The puff of flame hits you!
* * * LOW HITPOINT WARNING * * *
You hit Sigmund but do no damage.
Sigmund is severely wounded.
Sigmund mumbles some strange words.
Sigmund flickers and vanishes!
Deactivating autopickup; reactivate with Ctrl-A.
Something barely misses you.
You miss something. You completely miss something. Something hits you.
* * * LOW HITPOINT WARNING * * *
You hit something. Something hits you!
You die...

# ### #.#..
#.#.#####..#
#.†.@{r....#
#.###.######.#
#............
#####.######### #.
#.............# #.
#.#.#########.#
#.#+#+#.............#
#.........###########
+..................


You could see a rat.

Vanquished Creatures
  A scorpion (D:3)
  Jessica (D:2)
  A gnoll (D:1)
  4 worms (D:2)
  3 dart slugs
  4 orcs (D:3)
  3 ball pythons
  9 bats
  2 giant cockroaches (D:1)
  10 goblins
  7 hobgoblins
  A quokka (D:2)
  6 kobolds
  4 rats
56 creatures vanquished.

Notes
Turn   | Place    | Note
-------+----------+-------------------------------------------
     0 | D:1      | topirishpotato the Gargoyle Berserker began the quest for
                  | the Orb.
     0 | D:1      | Reached XP level 1. HP: 14/14 MP: 1/1
    79 | D:1      | Reached XP level 2. HP: 15/19 MP: 2/2
   238 | D:1      | Reached XP level 3. HP: 20/24 MP: 3/3
   571 | D:2      | Reached ** piety under Trog
   625 | D:2      | HP: 1/24 [worm (1)]
   892 | D:2      | Reached XP level 4. HP: 17/29 MP: 4/4
   992 | D:2      | Noticed Jessica
   998 | D:2      | Found a shimmering altar of Xom.
  1000 | D:2      | Killed Jessica
  1485 | D:3      | Reached XP level 5. HP: 33/33 MP: 5/5
  1524 | D:3      | Noticed Sigmund
  1547 | D:3      | Slain by Sigmund

Skill      XL: |  1  2  3  4 |
---------------+-------------+-----
Dodging        | 2 |  2.3
Maces & Flails | 4 |  4.6
Fighting       | 4 |  4.1
Armour         | |  2.9

Action                   |  1- 3 |  4- 6 || total
-------------------------+-------+-------++-------
Melee: Mace              |   113 |    91 ||   204
Invok: Berserk           |     1 |       ||     1
       Trog's Hand       |     1 |       ||     1
  Use: Potion            |     1 |       ||     1
  Eat: Chunk             |     1 |     2 ||     3
Armor: Animal skin       |     7 |       ||     7
       Ring mail         |    80 |    61 ||   141
Dodge: Dodged            |   110 |    66 ||   176
